 Dungeon Crawl Stone Soup version 0.32-a0-699-g1ee5eff69a (webtiles) character file.

Game seed: 12545891393971313926

7 arcshroob the Ruffian (level 1, -2/15 HPs)
             Began as a Demonspawn Shapeshifter on Mar 13, 2024.
             Frozen to death by an endoplasm (4 damage)
             ... on level 1 of the Dungeon.
             The game lasted 00:00:34 (139 turns).

arcshroob the Ruffian (Demonspawn Shapeshifter)      Turns: 139, Time: 00:00:35

Health: -2/15      AC:  2    Str: 14    XL:     1   Next: 91%
Magic:  1/1        EV: 11    Int: 10    God:
Gold:   10         SH:  0    Dex: 12    Spells: 0/0 levels left

rFire   . .          .
                       - Unarmed
rCold   . . .        (no shield)
rNeg    . . .        a - +0 animal skin
rPois   .            (helmet currently unavailable)
rElec   .            (cloak currently unavailable)
rCorr   .            (gloves currently unavailable)
SInv    .            (boots currently unavailable)
Will    .....        (no amulet)
Stlth   +            (no ring)
HPRegen 0.22/turn    (no ring)
MPRegen 0.07/turn

%: no passive effects
@: beast-form
A: beast (slay +1)
a: Begin Untransformation


You were on level 1 of the Dungeon.
You were a hulking beast.
You visited 1 branch of the dungeon, and saw 1 of its levels.

You collected 10 gold pieces.

Inventory:

Armour
 a - a +0 animal skin (worn)
Talismans
 c - a beast talisman (active)
 d - a flux talisman
Scrolls
 e - 2 scrolls of teleportation {unknown}
Potions
 b - a potion of lignification


   Skills:
 - Level 1.0 Fighting
 - Level 1.7 Dodging
 + Level 3.2 Unarmed Combat
 - Level 2.6 Shapeshifting


You couldn't memorise any spells.
You didn't know any spells.
Your spell library contained the following spells:

 Spells                   Type           Power      Damage    Failure   Level
 Apportation              Tloc           0%         N/A       36%         1
 Jinxbite                 Hex            0%         N/A       50%         2
 Alistair's Intoxication  Alch           0%         N/A       100%        5


Dungeon Overview and Level Annotations

Branches:
Dungeon (1/15)

Altars:


Message History

Things that are here:
a +0 dagger; a kobold corpse
Things that are here:
a +0 dagger; a kobold corpse
e - 2 scrolls labelled OSONER MOAC (gained 1)
Found a stone.
A dart slug comes into view.
The dart slug launches a dart at you.
The slug dart hits you but does no damage.
A bat comes into view.
The dart slug briefly extends its eye-stalks.
The dart slug launches a dart at you. The slug dart hits you.
An endoplasm comes into view.
The bat hits you. The dart slug barely misses you.
You hit the dart slug.
The dart slug is lightly wounded.
The bat hits you. The dart slug launches a dart at you. The slug dart hits you.
You hit the dart slug.
The dart slug is heavily wounded.
The bat hits you. The bat barely misses you.
The dart slug bites you but does no damage.
You hit the dart slug.
You kill the dart slug!
The bat hits you but does no damage.
You hit the bat but do no damage. The bat misses you.
A bat comes into view.
The bat closely misses you. The endoplasm freezes you.
You are frozen.
* * * LOW HITPOINT WARNING * * *
The bat hits you but does no damage.
You hit the endoplasm.
The endoplasm is heavily wounded.
The bat barely misses you. The endoplasm freezes you.
You are frozen.
You die...

+# ### ...b .##♣♣♣
♣♣.. .... .#....
...######..##
...♣♣♣♣♣♣..........#
.....#.........#...#
.....#.#........b..# #
####.....##..###J.##.♣
#...#........h....#
#)..#...........#.#
#...#.#.....#.#...#
#...#.+.(...+.#.#....
. ....###.....### #
.## # ###..# #.....# #
...# #.....# ..#
#.....# ### #.....#


You could see an endoplasm and 2 bats.

Vanquished Creatures
  A dart slug (D:1)
  A goblin (D:1)
  A kobold (D:1)
  A quokka (D:1)
  A frilled lizard (D:1)
5 creatures vanquished.

Notes
Turn   | Place    | Note
-------+----------+-------------------------------------------
     0 | D:1      | arcshroob the Demonspawn Shapeshifter began the quest for
                  | the Orb.
     0 | D:1      | Reached XP level 1. HP: 15/15 MP: 1/1
   116 | D:1      | Reached skill level 3 in Unarmed Combat
   139 | D:1      | Frozen to death by an endoplasm

Illustrated notes

Levels and vault maps discovered:
D:1:      dpeg_arrival_stonehenge_8_columns, layout_basic, serial_forest,
          infiniplex_forest_straight_2, infiniplex_forest_straight_2,
          infiniplex_forest_lined_ring, infiniplex_forest_lined_room_2,
          infiniplex_forest_clump_small, infiniplex_forest_diagonal,
          infiniplex_forest_clump_medium, infiniplex_forest_lined_2

Skill      XL: |  1 |
---------------+----+-----
Unarmed Combat | 3 |  3.2
Fighting       | |  1.0
Dodging        | |  1.7
Shapeshifting  | |  2.6

Action                     || total
---------------------------++-------
  Melee: Unarmed           ||    22
 Armour: Animal skin       ||    14
  Dodge: Dodged            ||    18

Table legend: (Time is in decaauts)
 A = Elapsed time spent in this place.
 B = Non-inter-level travel time spent in this place.
 C = Inter-level travel time spent in this place.
 D = Time resting spent in this place.
 E = Time spent auto-exploring this place.
 F = Levels seen in this place.
 G = Mean time per level.
                   A        B        C        D        E       F      G
               +--------+--------+--------+--------+--------+-----+--------+
         Total |    138 |    138 |      0 |      0 |     64 |   1 |  138.0 |
       Dungeon |    138 |    138 |      0 |      0 |     64 |   1 |  138.0 |
               +--------+--------+--------+--------+--------+-----+--------+

Top non-repeatable levels by time:
     D:1: 138 daAuts
